 Dungeon Crawl Stone Soup version 0.30-a0-46-g5a63ccc183 (webtiles) character file.

Game seed: 6570623559026350888

12 pascalblue the Chiller (level 2, -5/15 HPs)
             Began as a Deep Elf Ice Elementalist on Sept 1, 2022.
             Killed by an exploding endoplasm (20 damage)
             ... ignited by their inner flame
             ... on level 2 of the Dungeon.
             The game lasted 00:01:38 (661 turns).

pascalblue the Chiller (Deep Elf Ice Elementalist)   Turns: 661, Time: 00:01:38

Health: -5/15      AC:  3    Str:  5    XL:     2   Next: 20%
Magic:  5/8        EV: 13    Int: 19    God:
Gold:   32         SH:  0    Dex: 15    Spells: 6/7 levels left

rFire   . . .      SeeInvis .    g - +3 short sword (protect)
rCold   . . .      Faith    .    (no shield)
rNeg    . . .      Spirit   .    a - +0 robe
rPois   .          Reflect  .    d - +0 helmet
rElec   .          Harm     .    (no cloak)
rCorr   .          Rampage  .    (no gloves)
Will    .....                    (no boots)
Stlth   ++........               (no amulet)
HPRegen 0.05/turn                (no ring)
MPRegen 0.11/turn                (no ring)

@: no status effects
A: no striking features
a: no special abilities


You were on level 2 of the Dungeon.
You visited 1 branch of the dungeon, and saw 2 of its levels.

You collected 32 gold pieces.

Inventory:

Hand Weapons
 g - a +3 short sword of protection (weapon)
Missiles
 h - 5 boomerangs
 i - 9 stones
Armour
 a - a +0 robe (worn)
 d - a +0 helmet (worn)
Jewellery
 e - a +4 ring of protection
Potions
 b - a potion of magic
 c - a potion of degeneration


   Skills:
 + Level 2.7 Dodging
 + Level 2.8 Stealth
 + Level 3.3 Spellcasting
 * Level 4.5 Ice Magic


You had 6 spell levels left.
You knew the following spells:

 Your Spells              Type           Power      Damage    Failure   Level
a - Freeze                Ice            80%        1d9       2%          1

Your spell library contained the following spells:

 Spells                   Type           Power      Damage    Failure   Level
 Frozen Ramparts          Ice            40%        1d7       7%          3
 Ozocubu's Armour         Ice            20%        N/A       7%          3
 Hailstorm                Conj/Ice       11%        3d5       50%         4


Dungeon Overview and Level Annotations

Branches:
Dungeon (2/15)

Altars:


Message History

Aim: a ball python (moderately wounded, slow)
You freeze the ball python.
You kill the ball python!
An endoplasm comes into view.
Casting: Freeze (safe; 2% risk of failure)
Confirm with . or Enter, or press ? or * to list all spells.
You don't know that spell.
Casting: Freeze (safe; 2% risk of failure)
Confirm with . or Enter, or press ? or * to list all spells.
Aiming: Freeze (safe; 2% risk of failure)
Press: ? - help, Shift-Dir - straight line, f - kobold
Aim: a kobold, wielding a +0 dagger and quivering stones (asleep)
You freeze the kobold.
You kill the kobold!
You see here a scroll labelled OCAINU NODANO.
j - a scroll labelled OCAINU NODANO
As you read the scroll labelled GEALUAFESI, it crumbles to dust.
The creatures around you are filled with an inner flame!
It was a scroll of immolation.
As you read the scroll labelled OCAINU NODANO, it crumbles to dust.
It is a scroll of identify.
c - a potion of degeneration Hit: g) +3 short sword (protect)
Press: ? - help, Dir - move target, f - you That would be overly suicidal.
Okay, then.
An endoplasm is nearby!
Casting: Freeze (safe; 2% risk of failure)
Confirm with . or Enter, or press ? or * to list all spells.
Aiming: Freeze (safe; 2% risk of failure)
Press: ? - help, Shift-Dir - straight line, f - endoplasm
Aim: an endoplasm (inner flame, asleep)
You freeze the endoplasm.
Flame seeps out of the endoplasm.
The endoplasm quivers.
The endoplasm is heavily wounded.
The endoplasm is engulfed in blazing flames.
The endoplasm explodes!
The fiery explosion engulfs you!!
Ouch! That really hurt!
You die...

####.##...###...#
#......<........#
#.##..#..[#.#...#
#..##.##.##.##
.......##.##.######
.###.#####.##......#
# #§#####.##.####.#
#○......##.###
#@.....##...#
#......##.#.#
#......##.#.##.##
#................
#......#.†#.#..##
#....).#..#.#..#
########..# # .#
#..# #...


There were no monsters in sight!

Vanquished Creatures
  3 endoplasms
  2 hobgoblins (D:1)
  2 kobolds
  2 quokkas (D:1)
  A ball python (D:2)
  2 rats (D:1)
12 creatures vanquished.

Notes
Turn   | Place    | Note
-------+----------+-------------------------------------------
     0 | D:1      | pascalblue the Deep Elf Ice Elementalist began the quest
                  | for the Orb.
     0 | D:1      | Reached XP level 1. HP: 10/10 MP: 6/6
   365 | D:1      | Reached XP level 2. HP: 15/15 MP: 6/8
   661 | D:2      | Killed by an exploding endoplasm... ignited by their inner
                  | flame

Illustrated notes

Levels and vault maps discovered:
D:1:      psy_arrival_terrarium, layout_basic
D:2:      layout_loops_cross, uniq_sigmund

Action                   || total
-------------------------++-------
Melee: Unarmed           ||     1
 Cast: Freeze            ||    18
  Use: Scroll            ||     2
Dodge: Dodged            ||    12

Table legend: (Time is in decaauts)
 A = Elapsed time spent in this place.
 B = Non-inter-level travel time spent in this place.
 C = Inter-level travel time spent in this place.
 D = Time resting spent in this place.
 E = Time spent auto-exploring this place.
 F = Levels seen in this place.
 G = Mean time per level.
                   A        B        C        D        E       F      G
               +--------+--------+--------+--------+--------+-----+--------+
         Total |    660 |    650 |     10 |      0 |    534 |   2 |  330.0 |
       Dungeon |    660 |    650 |     10 |      0 |    534 |   2 |  330.0 |
               +--------+--------+--------+--------+--------+-----+--------+

Top non-repeatable levels by time:
     D:1: 626 daAuts
     D:2: 33 daAuts
